 Dungeon Crawl Stone Soup version 0.32-a0-666-ge8a88695a4 (webtiles) character file.

Game seed: 452804338196917842

3654 hikkokomori the Charlatan (level 10, 0/76 HPs)
             Began as a Coglin Berserker on Mar 9, 2024.
             Was a Priest of Lugonu.
             Slain by a boulder beetle (38 damage)
             ... on level 8 of the Dungeon.
             The game lasted 00:16:54 (6572 turns).

hikkokomori the Charlatan (Coglin Berserker)        Turns: 6572, Time: 00:16:54

Health: 0/76       AC: 13    Str: 21    XL:     10   Next: 12%
Magic:  10/10      EV:  8    Int:  8    God:    Lugonu [***...]
Gold:   508        SH:  0    Dex: 13    Spells: 9/9 levels left

rFire   . . .        u - +3 mace "Loabioq" {flame, rPois rN+}
rCold   . . .        m - +0 short sword (distort) {Laslo}
rNeg    + . .        q - +0 chain mail
rPois   +            B - +0 helmet
rElec   .            a - +0 cloak
rCorr   .            d - +0 pair of gloves
SInv    .            C - +0 pair of boots
Will    .....        (amulet unavailable) Stlth
                     (ring unavailable)
HPRegen 0.32/turn    (ring unavailable)
MPRegen 0.12/turn    (no gizmo)

%: no passive effects
@: slowed, revving, very slow
A: off-hand wielding, slow wielding, warmup strikes, no jewellery
a: Invent Gizmo, Renounce Religion, Depart the Abyss, Banish


You were on level 8 of the Dungeon.
You worshipped Lugonu.
Lugonu was most pleased with you.
You visited 1 branch of the dungeon, and saw 8 of its levels.
You visited the Abyss 1 time.

You collected 508 gold pieces.

Inventory:

Hand Weapons
 b - a +4 hand axe
 h - a +3 dagger {Olga}
 m - a +0 short sword of distortion (offhand) {Laslo}
 u - the +3 mace "Loabioq" (weapon) {flame, rPois rN+}
   (You found it on level 4 of the Dungeon)

   rPois:     It protects you from poison.
   rN+:       It protects you from negative energy.
Missiles
 E - 7 boomerangs (quivered)
Armour
 a - a +0 cloak (worn)
 d - a +0 pair of gloves (worn)
 q - a +0 chain mail (worn)
 B - a +0 helmet (worn)
 C - a +0 pair of boots (worn)
Wands
 y - a wand of mindburst (11)
 D - a wand of iceblast (3)
Scrolls
 e - 2 scrolls of vulnerability
 f - 2 scrolls of amnesia {unknown}
 i - 2 scrolls of poison
 j - 4 scrolls of teleportation
 p - 4 scrolls of fear
 r - a scroll of enchant armour {unknown}
 v - 2 scrolls of blinking {unknown}
 x - a scroll of revelation {unknown}
Potions
 c - a potion of might {unknown}
 g - 3 potions of curing
 l - a potion of magic
 n - a potion of enlightenment {unknown}
 o - 2 potions of ambrosia {unknown}
 s - 2 potions of lignification
 t - a potion of brilliance
 w - a potion of berserk rage {unknown}
 z - a potion of heal wounds {unknown}
 A - 3 potions of attraction
 F - a potion of haste {unknown}


   Skills:
 - Level 6.0 Fighting
 + Level 7.3 Short Blades
 - Level 5.3(7.0) Axes
 + Level 6.3(7.1) Maces & Flails
 - Level 2.0 Armour
 - Level 2.0 Dodging
 + Level 1.0 Invocations
 + Level 7.6 Evocations


You had 9 spell levels left.
You didn't know any spells.
Your spell library contained the following spells:

 Spells                   Type           Power      Damage    Failure   Level
 Apportation              Tloc           0%         N/A       97%         1
 Necrotise                Necr           0%         1d4       97%         1
 Sting                    Conj/Alch      0%         1d3       97%         1
 Summon Small Mammal      Summ           0%         N/A       97%         1
 Ensorcelled Hibernation  Hex/Ice        0%         N/A       99%         2
 Passwall                 Erth           0%         N/A       100%        3
 Swiftness                Air            0%         N/A       100%        3


Dungeon Overview and Level Annotations

Branches:
Dungeon (8/15)             Temple (0/1) D:7
   Lair: D:8-11

Altars:
Ashenzari
Cheibriados
Uskayaw
Xom
Yredelemnul
The Shining One

Annotations:
D:7 1 runed translucent door, DeathSocks's ghost, novice CoHu
Abyss:1 Ijyb


Innate Abilities, Weirdness & Mutations

You can wield a second weapon in your off-hand.
It takes a long time for you to wield or remove held weapons.
Your first few attacks do less damage.
You cannot equip rings or amulets.


Message History

Lugonu accepts your kill.
A boulder beetle comes into view.
The orc wizard casts a spell.
The orc wizard flickers and vanishes!
Deactivating autopickup; reactivate with Ctrl-A.
You hear a shout! x3
Your Invocations skill increases to level 1!
The air fills with toxic fumes!
As you read the scroll of poison, it crumbles to dust.
You hear a shout!
Something hits you but does no damage.
The boulder beetle waves its antennae.
The boulder beetle leaps!
You closely miss something with the +3 mace "Loabioq".
You closely miss something with your +0 short sword of distortion.
Something hits you.
The boulder beetle is engulfed in poison gas.
The boulder beetle is poisoned.
The boulder beetle curls into a ball and begins rolling!
The boulder beetle is engulfed in poison gas.
The boulder beetle looks even sicker.
Something hits you but does no damage.
You hit something with your +0 short sword of distortion.
You closely miss something with the +3 mace "Loabioq".
The boulder beetle is engulfed in poison gas.
The boulder beetle looks even sicker.
Something hits you.
Aiming: Iceblast
Press: ? - help, Shift-Dir - straight line The mass of ice explodes!
The iceblast engulfs the boulder beetle!!
The boulder beetle is heavily wounded.
The iceblast engulfs something.
Lugonu accepts your kill.
Reactivating autopickup.
You feel a bit more experienced.
You hear a shout!
You hear an angry hiss.
You hear a shout! x5
The boulder beetle is engulfed in poison gas.
The boulder beetle looks as sick as possible!
The boulder beetle hits you!!!
Ouch! That really hurt!
You die...

####.............# #.
#§§☼§§§.§.#.#....####.
#§§§☼☼§§#####....#..#.
###§.§.§§§######.>......
#§§☼§§§§§§§§§§##........
#####§#§§§§§§.§§§§##........
#...☼.§§§[..§°§☼§##.........
#.##☼☼..☼§§§B.§§§§§........#
#.######§§.@§☼§)§)§....#####
##..# ##☼####)§§§§§§####.#
#...###.##...#######...##.#
##...##.#..#§D### ..#..#.#
#....#.#.#####.§# ### #.#
####.....##.##...##o..# #.
#..#.[...# ##.#.. .## .
..<......# .z#o # #...#....#
#...#


You could see a boulder beetle (rolling, extremely poisoned).

Vanquished Creatures
  A slime creature (D:8)
  Sigmund (D:3)
  A wyvern (D:7)
  A steam dragon (D:8)
  3 water moccasins (D:7)
  2 sky beasts
  5 black bears
  3 orc warriors
  2 ice beasts
  2 ogres
  2 centaurs
  3 phantoms
  3 bullfrogs
  4 scorpions
  3 wights (D:8)
  A howler monkey (D:6)
  2 jellies
  2 bombardier beetles
  3 hounds
  4 orc priests
  A sleepcap (D:7)
  4 iguanas
  5 orc wizards
  4 adders
  A shadow imp (D:5)
  A white imp (D:4)
  2 ufetubi (D:6)
  3 ribbon worms
  3 dart slugs
  15 orcs
  3 ball pythons
  3 endoplasms
  A giant cockroach (D:1)
  5 goblins
  5 hobgoblins
  9 jackals
  2 quokkas
  4 bats
  5 frilled lizards
  3 kobolds
  2 rats (D:1)
129 creatures vanquished.

Notes
Turn   | Place    | Note
-------+----------+-------------------------------------------
     0 | D:1      | hikkokomori the Coglin Berserker began the quest for the
                  | Orb.
     0 | D:1      | Reached XP level 1. HP: 18/18 MP: 1/1
    90 | D:1      | Reached XP level 2. HP: 19/24 MP: 2/2
   315 | D:1      | Reached XP level 3. HP: 27/29 MP: 3/3
   828 | D:2      | Reached ** piety under Trog
  1125 | D:3      | Noticed a phantom
  1145 | D:3      | Killed a phantom
  1146 | D:3      | Reached XP level 4. HP: 28/38 MP: 4/4
  1146 | D:3      | Reached XP level 5. HP: 31/43 MP: 5/5
  1325 | Abyss:1  | Cast into level 1 of the Abyss (orc)
  1397 | Abyss:1  | Found a corrupted altar of Lugonu.
  1409 | Abyss:1  | Fell from the grace of Trog
  1409 | Abyss:1  | Became a worshipper of Lugonu the Unformed
  1409 | Abyss:1  | Reached * piety under Lugonu
  1409 | Abyss:1  | Reached ** piety under Lugonu
  1411 | Abyss:1  | Noticed a small abomination
  1411 | D:3      | Escaped the Abyss
  1666 | D:3      | Noticed Ijyb
  1670 | D:3      | Banished Ijyb
  1864 | D:3      | Noticed an ogre
  1905 | D:3      | Found a broken altar of Ashenzari.
  1910 | D:3      | Noticed Sigmund
  1933 | D:3      | Killed Sigmund
  1934 | D:3      | Reached skill level 5 in Axes
  1934 | D:3      | Reached XP level 6. HP: 24/49 MP: 6/6
  2147 | D:3      | Banished a polar bear
  2147 | D:3      | Banished a polar bear
  2147 | D:3      | Banished a black bear
  2148 | D:3      | Noticed a black bear
  2156 | D:3      | Killed a black bear
  2394 | D:4      | Reached XP level 7. HP: 25/55 MP: 7/7
  2635 | D:4      | Identified the +3 mace "Loabioq" {flame, rPois rN+}
  2797 | D:4      | Reached skill level 5 in Fighting
  2886 | D:4      | Banished a polar bear
  2886 | D:4      | Banished a polar bear
  2886 | D:4      | Banished a polar bear
  3253 | D:5      | Entered Level 5 of the Dungeon
  3270 | D:5      | Reached skill level 1 in Maces & Flails
  3679 | D:5      | Reached XP level 8. HP: 56/64 MP: 8/8
  4397 | D:6      | Reached skill level 1 in Evocations
  4585 | D:6      | Reached skill level 5 in Short Blades
  5002 | D:6      | Found a bloodstained altar of Trog.
  5019 | D:6      | Banished a polar bear
  5019 | D:6      | Banished a polar bear
  5019 | D:6      | Banished a polar bear
  5034 | D:6      | Found a hide-covered altar of Uskayaw.
  5034 | D:6      | Found a snail-covered altar of Cheibriados.
  5036 | D:6      | Found a shimmering altar of Xom.
  5036 | D:6      | Found a basalt altar of Yredelemnul.
  5036 | D:6      | Found a glowing golden altar of the Shining One.
  5204 | D:7      | Found a staircase to the Ecumenical Temple.
  5207 | D:7      | Noticed a wyvern
  5209 | D:7      | Reached XP level 9. HP: 62/69 MP: 9/9
  5558 | D:7      | Reached skill level 5 in Evocations
  5581 | D:7      | Reached skill level 5 in Maces & Flails
  5617 | D:7      | Reached *** piety under Lugonu
  5772 | D:7      | Found a runed translucent door.
  5773 | D:7      | Noticed DeathSocks's ghost (novice CoHu)
  6166 | D:7      | Banished a polar bear
  6482 | D:8      | Reached XP level 10. HP: 76/76 MP: 10/10
  6568 | D:8      | Noticed a boulder beetle
  6569 | D:8      | Reached skill level 1 in Invocations
  6572 | D:8      | Slain by a boulder beetle

Illustrated notes

Levels and vault maps discovered:
D:1:      erik_arrival_triangle_large, layout_basic, serial_forest,
          infiniplex_forest_lined_1, infiniplex_forest_clump_curved,
          infiniplex_forest_straight_2, infiniplex_forest_zigzag_1,
          infiniplex_forest_straight_3, infiniplex_forest_lined_ring,
          infiniplex_forest_end_1, serial_bayou_lake_a
D:2:      layout_basic
D:3:      layout_loops_ring, ashenzari_altar_1, serial_park_tiny_1,
          lightli_corner_chamber, uniq_sigmund, uniq_ijyb
D:4:      layout_gridville
D:5:      layout_cave_pods
D:6:      layout_cave_pools, doesnt_xom_only_xom, chequers_decorated_corner
D:7:      minmay_angry_zag, layout_loops_ring,
          minmay_temple_entry_drinking_statues, gammafunk_ghost_grave
D:8:      minmay_ornate_pinched, layout_cave_pools, david_lair_generic,
          special_room [special_room_kobold], uniq_jeremiah

Skill      XL: |  1  2  3  4  5  6  7  8  9 10 |
---------------+-------------------------------+-----
Armour         | 2 |  2.0
Dodging        | 2 |  2.0
Fighting       | 4 5 6 |  6.0
Axes           | 4 5 |  5.3
Short Blades   | 2 3 4 5 7 |  7.3
Maces & Flails | 2 4 6 |  6.3
Evocations     | 3 7 |  7.6
Invocations    | 1 |  1.0

Action                     |  1- 3 |  4- 6 |  7- 9 | 10-12 || total
---------------------------+-------+-------+-------+-------++-------
  Melee: Hand axe          |    80 |    36 |     3 |       ||   119
         Dagger            |    74 |     6 |       |       ||    80
         Short sword       |       |    38 |   217 |    11 ||   266
         Mace              |       |       |   217 |     9 ||   226
 Invoke: Berserk           |     2 |       |       |       ||     2
         Depart the Abyss  |       |     1 |       |       ||     1
  Evoke: Wand              |       |       |       |     2 ||     2
    Use: Scroll            |       |     6 |     6 |     2 ||    14
         Potion            |       |     1 |       |       ||     1
 Armour: Animal skin       |    21 |       |       |       ||    21
         Scale mail        |    23 |    16 |       |       ||    39
         Chain mail        |       |    29 |   215 |    13 ||   257
  Dodge: Dodged            |    50 |    14 |    75 |     6 ||   145

Table legend: (Time is in decaauts)
 A = Elapsed time spent in this place.
 B = Non-inter-level travel time spent in this place.
 C = Inter-level travel time spent in this place.
 D = Time resting spent in this place.
 E = Time spent auto-exploring this place.
 F = Levels seen in this place.
 G = Mean time per level.
                   A        B        C        D        E       F      G
               +--------+--------+--------+--------+--------+-----+--------+
         Total |   6613 |   6319 |    294 |    291 |   4817 |   9 |  734.8 |
       Dungeon |   6527 |   6233 |    294 |    291 |   4817 |   8 |  815.9 |
         Abyss |     85 |     85 |      0 |      0 |      0 |   1 |   85.0 |
               +--------+--------+--------+--------+--------+-----+--------+

Top non-repeatable levels by time:
     D:3: 1206 daAuts
     D:7: 1140 daAuts
     D:5: 1088 daAuts
     D:4: 843 daAuts
     D:1: 762 daAuts
     D:6: 757 daAuts
     D:2: 497 daAuts
     D:8: 232 daAuts
 Abyss:1: 85 daAuts
